 Dungeon Crawl Stone Soup version 0.31.0-1-g2c135a0 (webtiles) character file.

Game seed: 13003932702136196992

2354 Endbringerleviathan the Magician (level 9, -5/69 HPs)
             Began as a Naga Fire Elementalist on Feb 28, 2024.
             Was an Initiate of Gozag.
             Slain by an iron dragon simulacrum (50 damage)
             ... on level 1 of the Abyss.
             The game lasted 00:14:35 (6837 turns).

Endbringerleviathan the Magician (NaFE)             Turns: 6837, Time: 00:14:35

Health: -5/69      AC:  8    Str: 10    XL:     9   Next: 44%
Magic:  1/18       EV:  9    Int: 26    God:    Gozag
Gold:   878        SH:  5    Dex: 11    Spells: 11/21 levels left

rFire   . . .        k - +10 sling "Besoalac" {elec, Fly rCorr Int+7 Dex-2}
rCold   . . .        j - +1 buckler
rNeg    . . .        a - +0 robe
rPois   +            t - +2 hat
rElec   .            (no cloak)
rCorr   +            e - +1 pair of gloves
SInv    +            (no barding)
Will    +....        z - amulet of magic regeneration
Stlth   ++           (no ring)
HPRegen 0.31/turn    (no ring)
MPRegen 0.56/turn

%: no passive effects
@: gold aura, flying, very slow
A: AC +3, large, see invisible, deformed body, poison resistance, slowness 2,
spit poison 1, naga tail 1
a: Spit Poison, Renounce Religion, Potion Petition, Call Merchant, Bribe Branch


You were on level 1 of the Abyss.
You worshipped Gozag.
Gozag was pleased with you.
You visited 2 branches of the dungeon, and saw 8 of its levels.
You visited the Abyss 1 time.

You collected 913 gold pieces.
You paid 35 gold pieces to Gozag.

Inventory:

Hand Weapons
 g - a +0 dagger
 k - the +10 sling "Besoalac" (weapon) {elec, Fly rCorr Int+7 Dex-2}
   (You found it on level 2 of the Dungeon)

   Int+7:     It affects your intelligence (+7).
   Dex-2:     It affects your dexterity (-2).
   Fly:       It grants you flight.
   rCorr:     It protects you from acid and corrosion.
 s - a +2 dagger of venom
Missiles
 C - a curare-tipped dart
Armour
 a - a +0 robe (worn)
 e - a +1 pair of gloves (worn)
 j - a +1 buckler (worn)
 t - a +2 hat (worn)
Jewellery
 h - an amulet of regeneration
 y - an amulet of reflection
 z - an amulet of magic regeneration (around neck)
Scrolls
 c - 3 scrolls of immolation
 d - 4 scrolls of fog
 l - a scroll of fear
 o - a scroll of revelation
 p - 2 scrolls of poison
 r - 3 scrolls of silence
 u - a scroll of blinking
 w - a scroll of acquirement
 x - a scroll of amnesia {unknown}
 A - a scroll of teleportation {unknown}
 D - a scroll of enchant armour
Potions
 b - 2 potions of magic
 f - a potion of cancellation {unknown}
 i - a potion of degeneration {unknown}
 m - 8 potions of enlightenment {unknown}
 n - 2 potions of curing {unknown}
 q - 2 potions of invisibility {unknown}
 v - 2 potions of lignification {unknown}
 B - 2 potions of experience {unknown}
 E - a potion of attraction {unknown}


   Skills:
 + Level 0.3 Fighting
 + Level 0.1 Ranged Weapons
 + Level 2.4 Dodging
 + Level 4.2 Stealth
 * Level 4.1 Shields
 + Level 6.6 Spellcasting
 + Level 5.9 Conjurations
 + Level 1.0 Hexes
 + Level 6.5 Fire Magic


You had 11 spell levels left.
You knew the following spells:

 Your Spells              Type           Power      Damage    Failure   Level
a - Foxfire               Conj/Fire      100%       2x1d9     1%          1
b - Scorch                Fire           84%        2d8       1%          2
c - Inner Flame           Hex/Fire       28%        N/A       6%          3
d - Flame Wave            Conj/Fire      41%        2d11      7%          4

Your spell library contained the following spells:

 Spells                   Type           Power      Damage    Failure   Level
 Volatile Blastmotes      Fire/Tloc      50%        2d14      7%          3
 Summon Forest            Summ/Tloc      4%         N/A       95%         5
 Eringya's Noxious Bog    Alch           4%         4d6       100%        6
 Summon Hydra             Summ           4%         N/A       100%        7


Dungeon Overview and Level Annotations

Branches:
Dungeon (7/15)             Temple (1/1) D:5

Altars:
Cheibriados
Dithmenos
Elyvilon
Gozag
Hepliaklqana
Kikubaaqudgha
Makhleb
Nemelex Xobeh
Okawaru
Sif Muna
Trog
Xom
Yredelemnul
Zin

Shops:
D:2 *

Annotations:
D:7 Duvessa


Innate Abilities, Weirdness & Mutations

Your serpentine skin is tough. (AC +3)
You have supernaturally acute eyesight. (SInv)
Armour fits poorly on your strangely shaped body.
Your system is resistant to poisons. (rPois)
You cover ground very slowly.
You can spit poison.
You have a snake-like lower body.


Message History

Casting: Flame Wave (dangerous; 8% risk of failure)
Press: ? - help, Dir - look around, f - activate A wave of flame ripples out!
The flame wave engulfs the ynoxinul!
The ynoxinul is burned terribly!
You kill the ynoxinul!
The flame wave engulfs your foxfire.
Your foxfire completely resists. (Press . to intensify the flame waves.)
The foxfire hits the iron dragon simulacrum but does no damage.
Your Hexes skill increases to level 1!
A wave of flame ripples out!
Unknown command.
A wave of flame ripples out!
The flame wave engulfs the iron dragon simulacrum!
The iron dragon simulacrum melts!
The iron dragon simulacrum is lightly damaged.
You finish channelling waves of flame.
You hear a hideous shriek!
A small abomination comes into view.
Casting: Flame Wave (dangerous; 7% risk of failure)
Confirm with . or Enter, or press ? or * to list all spells.
Casting: Flame Wave (dangerous; 7% risk of failure)
Press: ? - help, Dir - look around, f - activate A wave of flame ripples out!
The flame wave engulfs the iron dragon simulacrum.
The iron dragon simulacrum is lightly damaged. (Press . to intensify the flame waves.) Unknown command.
A wave of flame ripples out!
The flame wave engulfs the iron dragon simulacrum.
The iron dragon simulacrum melts!
The iron dragon simulacrum is moderately damaged.
The flame wave engulfs the small abomination!
The small abomination is moderately damaged.
The iron dragon simulacrum closely misses you.
The iron dragon simulacrum claws you!
The iron dragon simulacrum freezes you!!!
Ouch! That really hurt!
You die...
Your body crumbles into a pile of gold.

## .## .. #.
#Z## #.##
#.@## . ..
##x#.# .. ##
# # #.#.#. #
#.
..#..#.###.#
. . . #.. #
. .# # . #.
#...##
##.#..X# .
.# .#.#
#...#......#
#.. . .##.#.
# .# . # ##
.### # # .##
....#.


You could see a small abomination and an iron dragon simulacrum.

Vanquished Creatures
  A large abomination (Abyss:1)
  Grinder (D:3)
  A ynoxinul (Abyss:1)
  An acid dragon (D:6)
  A water moccasin (D:6)
  2 sky beasts (D:6)
  An orc warrior (D:6)
  An ice beast (D:5)
  A kobold brigand (D:6)
  A bullfrog (D:6)
  2 scorpions
  Dowan (D:7)
  A bombardier beetle (D:3)
  A gnoll bouda (D:5)
  2 hounds (D:5)
  4 jellies
  2 orc priests
  4 iguanas
  5 orc wizards
  4 gnolls (D:5)
  6 adders
  3 dart slugs
  4 ribbon worms (D:2)
  29 orcs
  10 ball pythons
  4 bats
  8 endoplasms
  4 giant cockroaches
  7 goblins
  6 hobgoblins
  4 jackals (D:1)
  5 quokkas
  4 frilled lizards
  6 kobolds
  13 rats
150 creatures vanquished.

Vanquished Creatures (others)
  528 foxfires
528 creatures vanquished.

Grand Total: 678 creatures vanquished

Notes
Turn   | Place    | Note
-------+----------+-------------------------------------------
     0 | D:1      | Endbringerleviathan the Naga Fire Elementalist began the
                  | quest for the Orb.
     0 | D:1      | Reached XP level 1. HP: 15/15 MP: 3/3
   207 | D:1      | Reached XP level 2. HP: 22/22 MP: 0/5
   210 | D:1      | Learned a level 2 spell: Scorch
   298 | D:1      | Found a faded altar of an unknown god.
   486 | D:2      | Identified the +10 sling "Besoalac" {elec, Fly rCorr Int+7
                  | Dex-2}
   869 | D:1      | Reached XP level 3. HP: 28/28 MP: 2/6
  1319 | D:2      | Reached XP level 4. HP: 33/36 MP: 0/8
  1421 | D:2      | Found Icloijan's General Store.
  2259 | D:3      | Found a bloodstained altar of Trog.
  2324 | D:3      | Reached XP level 5. HP: 42/42 MP: 0/9
  2439 | D:3      | Found a sparkling altar of Nemelex Xobeh.
  2439 | D:3      | Found an opulent altar of Gozag.
  2439 | D:3      | Noticed Grinder
  2447 | D:3      | Killed Grinder
  2448 | D:3      | Reached XP level 6. HP: 37/50 MP: 0/11
  2461 | D:3      | Became a worshipper of Gozag Ym Sagoz the Greedy
  3442 | D:4      | Reached XP level 7. HP: 56/56 MP: 9/13
  3446 | D:4      | Learned a level 3 spell: Inner Flame
  3451 | D:4      | Learned a level 4 spell: Flame Wave
  3654 | D:4      | Reached skill level 1 in Shields
  4313 | D:5      | Entered Level 5 of the Dungeon
  4317 | D:5      | Reached skill level 5 in Fire Magic
  4577 | D:5      | Found a staircase to the Ecumenical Temple.
  4720 | Temple   | Entered the Ecumenical Temple
  5029 | D:5      | Reached XP level 8. HP: 63/63 MP: 3/15
  5386 | D:5      | Reached skill level 5 in Spellcasting
  6036 | D:6      | Reached skill level 5 in Conjurations
  6106 | D:6      | Found a glowing silver altar of Zin.
  6337 | D:6      | Reached XP level 9. HP: 69/69 MP: 13/17
  6608 | D:7      | Identified a scroll of acquirement
  6623 | D:7      | Found an iron altar of Okawaru.
  6740 | D:7      | Noticed Duvessa
  6740 | D:7      | Noticed Dowan
  6748 | D:7      | Killed Dowan
  6748 | Abyss:1  | Cast into level 1 of the Abyss (Duvessa)
  6771 | Abyss:1  | Noticed a black draconian
  6778 | Abyss:1  | Found a corrupted altar of Lugonu.
  6783 | Abyss:1  | Found a corrupted altar of Lugonu.
  6783 | Abyss:1  | Found a corrupted altar of Lugonu.
  6807 | Abyss:1  | Noticed a large abomination
  6825 | Abyss:1  | Killed a large abomination
  6834 | Abyss:1  | Reached skill level 1 in Hexes
  6837 | Abyss:1  | Slain by an iron dragon simulacrum

Illustrated notes

Levels and vault maps discovered:
D:1:      erik_arrival_orb_chamber, layout_loops_ring,
          chequers_ecumenical_altar_simple
D:2:      layout_loops_cross, serial_shops, nicolae_diamond_shop,
          minmay_rat_gold_closets
D:3:      layout_rooms, grunt_temple_overflow_opulence, trog_butcher_becter,
          serial_glass, glass_columns_b, glass_columns_a,
          minmay_misc_feat_rugged, uniq_grinder
D:4:      layout_loops_ring
D:5:      layout_basic, minmay_temple_entry_junction
D:6:      layout_basic, zin_academy, kennysheep_potato
D:7:      layout_loops_ring, general_overflow_altar, uniq_duvessa
Temple:   hellmonk_temple_forest_ring
Abyss:1:  base:
Temple

Skill      XL: |  1  2  3  4  5  6  7  8  9 |
---------------+----------------------------+-----
Dodging        | 2 |  2.4
Spellcasting   | 3 4 5 6 |  6.6
Fire Magic     | 4 5 6 |  6.5
Conjurations   | 2 3 4 5 |  5.9
Shields        | 2 3 4 |  4.1
Stealth        | 4 |  4.2
Hexes          | 1 |  1.0
Fighting       | |  0.3
Ranged Weapons | |  0.1

Action                     |  1- 3 |  4- 6 |  7- 9 || total
---------------------------+-------+-------+-------++-------
  Melee: Dagger            |     3 |       |       ||     3
   Fire: Sling             |     4 |       |       ||     4
   Cast: Foxfire           |    56 |   115 |   148 ||   319
         Scorch            |     1 |     5 |    15 ||    21
         Flame Wave        |       |       |     7 ||     7
         Inner Flame       |       |       |     3 ||     3
Ability: Spit Poison       |    12 |     7 |     7 ||    26
    Use: Scroll            |       |     4 |     7 ||    11
   Stab: Sleeping          |     1 |       |       ||     1
 Armour: Robe              |    19 |    11 |    23 ||    53
  Dodge: Dodged            |    27 |     8 |    10 ||    45
  Block: Buckler           |       |       |     6 ||     6
